 Dungeon Crawl Stone Soup version 0.20.0-15-g7f486f2 (webtiles) character file.

101 greprep the Ruffian (level 4, -1/40 HPs)
             Began as a Ghoul Monk on June 26, 2017.
             Slain by a killer bee (6 damage)
             ... on level 2 of the Dungeon.
             The game lasted 00:04:19 (1976 turns).

greprep the Ruffian (Ghoul Monk)                    Turns: 1976, Time: 00:04:20

Health: -1/40      AC:  2    Str: 15    XL:     4   Next: 75%
Magic:  3/3        EV: 13    Int:  5    God:
Gold:   122        SH:  0    Dex: 11    Spells: 3/3 levels left

rFire    . . .     SeeInvis .     - Unarmed
rCold    + . .     Gourm    .   (no shield)
rNeg     + + +     Faith    .   a - +0 robe
rPois    ∞         Spirit   .   e - +0 hat
rElec    .         Reflect  .   (no cloak)
rCorr    .         Harm     .   (no gloves)
MR       .....                  (no boots)
Stlth    ++........             (no amulet)
Regen    0.0/turn               (no ring)
MPRegen  0.1/turn               (no ring)

@: rotting
A: rotting body, claws 1, carnivore 3, cold resistance 1, negative energy
resistance 3, inhibited regeneration, torment resistance, unbreathing
a: no special abilities


You were on level 2 of the Dungeon.
You were not hungry.

You visited 1 branch of the dungeon, and saw 3 of its levels.

You collected 122 gold pieces.

Inventory:

Armour
 a - a +0 robe (worn)
 e - a +0 hat (worn)
Scrolls
 c - a scroll of enchant weapon {unknown}
 d - a scroll of fog {unknown}
 f - a scroll of enchant armour {unknown}
 g - 2 scrolls of remove curse {unknown}
 j - 2 scrolls of identify {unknown}
 m - a scroll of teleportation {unknown}
 n - a scroll of amnesia {unknown}
 o - a scroll of fear {unknown}
Potions
 h - a potion of flight {unknown}
 k - a potion of mutation {unknown}
 l - a potion of berserk rage {unknown}
Comestibles
 b - 4 meat rations
 i - 3 royal jellies


   Skills:
 + Level 4.0 Fighting
 + Level 3.5 Dodging
 - Level 2.1 Stealth
 + Level 4.6 Unarmed Combat


You had 3 spell levels left.
You didn't know any spells.

Dungeon Overview and Level Annotations

Branches:
Dungeon (3/15)

Altars:
Kikubaaqudgha

Annotations:
D:3 Paps's ghost, amateur DsGl; Sigmund


Innate Abilities, Weirdness & Mutations

Your body is rotting away.
You thrive on raw meat.
You are immune to poison.
You have sharp fingernails.
You are carnivorous and can eat meat at any time.
Your flesh is cold resistant. (rC+)
You are immune to negative energy. (rN+++)
You do not regenerate when monsters are visible.
You are immune to unholy pain and torment.
You can survive without breathing.


Message History

The killer bee stings you!
* * * LOW HITPOINT WARNING * * *
The killer bee barely misses you.
Found a robe.
Found a stone staircase leading down.
The killer bee closely misses you.
The giant cockroach completely misses you.
The killer bee completely misses you. The giant cockroach closely misses you.
The killer bee closely misses you. The giant cockroach barely misses you.
The giant cockroach waves its antennae.
The killer bee stings you.
* * * LOW HITPOINT WARNING * * *
There is a stone staircase leading up here.
The killer bee barely misses you. The giant cockroach bites you.
* * * LOW HITPOINT WARNING * * *
The killer bee closely misses you.
You climb upwards.
There is a stone staircase leading down here.
You miss the killer bee. The killer bee stings you.
You die...

#.<..........##..
#.........#####.#
#####....######.#
##..#.....##.#
#...#####.....
####(.#..........
####.......#########
#...s.....##########
#..@y...............
#####...............
##### #........<......
#...# #.........<.....
#.#.####...............
#..........(...........
###....................
###..................
#..................


You could see a killer bee and a giant cockroach.

Vanquished Creatures
  2 adders (D:2)
  2 oozes
  4 dart slugs
  2 leopard geckos (D:1)
  A ball python (D:1)
  4 giant cockroaches
  8 goblins
  4 hobgoblins
  5 jackals (D:2)
  7 kobolds
  9 bats
  5 frilled lizards
  12 rats
65 creatures vanquished.

Notes
Turn   | Place    | Note
-------+----------+-------------------------------------------
     0 | D:1      | greprep the Ghoul Monk began the quest for the Orb.
     0 | D:1      | Reached XP level 1. HP: 19/19 MP: 0/0
   174 | D:1      | Reached XP level 2. HP: 10/26 MP: 1/1
   586 | D:1      | Reached XP level 3. HP: 31/31 MP: 2/2
  1355 | D:2      | Reached XP level 4. HP: 38/40 MP: 3/3
  1601 | D:2      | Found an ancient bone altar of Kikubaaqudgha.
  1718 | D:3      | Noticed Sigmund
  1718 | D:3      | Noticed Paps's ghost (amateur DsGl)
  1976 | D:2      | Slain by a killer bee

Skill      XL: |  1  2  3  4 |
---------------+-------------+-----
Dodging        | 3 |  3.5
Unarmed Combat | 4 |  4.6
Fighting       | 4 |  4.0
Stealth        | |  2.1

Action                   |  1- 3 |  4- 6 || total
-------------------------+-------+-------++-------
Melee: Unarmed           |   140 |    57 ||   197
       Punch             |     3 |     1 ||     4
 Stab: Sleeping          |     8 |       ||     8
  Eat: Chunk             |    22 |     9 ||    31
Armor: Robe              |    27 |    12 ||    39
Dodge: Dodged            |   100 |    78 ||   178
